[Event "Late-Titled-Tuesday-Blitz-April-02-2024"]
[Site "Chess.com"]
[Date "2024.04.02"]
[Round "7"]
[White "stollenmonster"]
[Black "dropstoneDP"]
[Result "0-1"]
[WhiteElo "2861"]
[BlackElo "2991"]
[TimeControl "180+1"]
[EndTime "15:17:32 PDT"]
[Termination "dropstoneDP won by resignation"]

1. e4 e5 2. Nc3 Nf6 3. g3 Bc5 4.
Bg2 c6 5. Nge2 d5 6. exd5 cxd5 7.
d4 exd4 8. Nxd4 O-O 9. O-O Bg4 10. Qd3 Bxd4 11. Qxd4 Nc6 12. Qc5 d4 13. Ne4 Nxe4 14. Bxe4 Re8 15. Bg2 Qd7 16. Bf4 Bh3 17. Bxh3 Qxh3 18.
Rfe1 h6 19. Qd5 Rxe1+ 20. Rxe1 Rd8 21. Qb5 Qd7 22. Bd2 d3 23. cxd3 Qxd3 24. Re8+ Kh7 25.
Qxd3+ Rxd3 26. Bc3 Rd7 27. h4 h5 28. Kg2 Kg6 29. Kf3 f6 30. Ke4 a6 31. f3 Rd1 32. g4 Rh1 33. gxh5+ Kf7 34. Rh8 Rxh4+ 35. Kd5 Nb4+ 36. Kd6 Nxa2 37. Ba5 Nb4 38. Bb6 Nd3 39.
b3 Rb4 40. Bd8 Rd4+ 41. Kc7 Nc5 42. Kc8 Nxb3 43. h6 gxh6 44. Rxh6 Rd6 45. Bc7 Re6 46.
Kxb7 Nc5+ 47. Kc8 Rc6 48. Kb8 Ne6 49. Ba5 Rc5 50. Be1 Rf5 51. Rh7+ Kg6 52. Ra7 Rxf3 53. Rxa6 Nc5 54. Rc6 Ne4 55. Ba5 Kh5 56. Bd8 f5 57. Bc7 Rd3 58. Kc8 Kg4 59. Rg6+ Kf3 60. Rg8 Rd5 61. Rf8 Ng5 62. Kb7 Ne6 63. Kc6 Nxc7 64.
Rf7 f4 65. Rxc7 Rd1 66. Rf7 Ke3 67. Kc5 f3 68. Re7+ Kf2 69. Kc4 Kg2 70. Rg7+ Kf1 71. Kc3 f2 72. Kc2 Rd5 73. Rf7 Ke2 74. Re7+ Kf3 75.
Rf7+ Ke3 0-1

[Event "Late-Titled-Tuesday-Blitz-April-02-2024"]
[Site "Chess.com"]
[Date "2024.04.02"]
[Round "7"]
[White "Navyblue1"]
[Black "RaugintaBulba"]
[Result "1/2-1/2"]
[WhiteElo "2276"]
[BlackElo "2422"]
[TimeControl "180+1"]
[EndTime "15:17:55 PDT"]
[Termination "Game drawn by repetition"]

1. d4 Nf6 2. c4 c5 3. d5 e6 4. Nc3 exd5 5. cxd5 d6 6. e4 g6 7. f4 Bg7 8. Bb5+ Nfd7 9. a4 O-O 10. Nf3 a6 11. Bd3 Qb6 12. a5 Qa7 13. Be3 b5 14.
axb6 Qxb6 15. Qc2 a5 16. O-O Na6 17. Qe2 Nb4 18. Bc4 Ba6 19. Rfc1 Rfe8 20. Bf2 f5 21. e5 dxe5 22. d6+ Kh8 23. Bxa6 Rxa6 24. Ng5 h6 25. Nf7+ Kh7 26. Na4 Qc6 27. Nxc5 Raa8 28. Nd3 Qd5 29. Nxb4 axb4 30. Rxa8 Rxa8 31. Nxe5 Nxe5 32. fxe5 Qxe5 33.
Qxe5 Bxe5 34. d7 Bxb2 35. Rd1 Bf6 36. Bb6 b3 37. d8=Q Bxd8 38. Bxd8 b2 39. Bf6 Rb8 40. Rb1 g5 41. Rxb2 Rc8 42. Bd4 Kg6 43. Kf2 Kh5 44. h3 Rc4 45. Be3 f4 46. Bd2 Rc6 47. Kf1 Rd6 48.
Be1 Re6 49. Bf2 Rc6 50. Re2 Rc1+ 51. Re1 Rc6 52. Re2 Rd6 53. Re1 Rc6 54. Rd1 Ra6 55.
Kg1 Re6 56. Re1 Rc6 57. g3 fxg3 58. Bxg3 Rc3 59. Kg2 Rc2+ 60. Bf2 Rc6 61. Rf1 Ra6 62.
Bg3 Ra2+ 63. Rf2 Ra6 64. Bh2 Rc6 65. Re2 Ra6 66. Bg3 Rc6 67. Rf2 Ra6 68. Kh2 Rc6 69. Rg2 Ra6 70. Bf2 Rc6 71. Bg3 Ra6 72. Rd2 Rc6 73. Kg2 Ra6 74. Kf2 Rf6+ 75. Kg2 Ra6 76. Rf2 Rc6 77. Kf3 Rf6+ 78. Ke2 Re6+ 79. Kd3 Ra6 80. Ke4 Ra4+ 81. Kf5 Ra3 82. Rg2 Ra5+ 83. Ke4 Ra4+ 84. Kf3 Ra3+ 85. Ke2 Ra2+ 86. Kf1 Ra1+ 87.
Be1 Ra3 88. Rh2 Rf3+ 89. Kg1 Ra3 90. Bf2 Ra1+ 91. Kg2 Ra2 92. Kg1 Ra1+ 93. Kg2 Ra2 94. Kg1 Ra1+ 1/2-1/2

[Event "Late-Titled-Tuesday-Blitz-April-02-2024"]
[Site "Chess.com"]
[Date "2024.04.02"]
[Round "7"]
[White "martabartel"]
[Black "romulocardoso"]
[Result "0-1"]
[WhiteElo "2229"]
[BlackElo "2411"]
[TimeControl "180+1"]
[EndTime "15:18:12 PDT"]
[Termination "romulocardoso won on time"]

1. d4 Nf6 2. c4 e6 3. Nf3 Bb4+ 4.
Nbd2 d5 5. Qa4+ Nc6 6. e3 O-O 7.
a3 Be7 8. b4 Bd7 9. Qc2 a5 10.
b5 Nb8 11. a4 c6 12. Bd3 dxc4 13. Bxc4 cxb5 14. axb5 Qb6 15. O-O Rc8 16. Qd3 Nd5 17. Ne5 Be8 18. Ba3 Bxa3 19. Rxa3 Nb4 20. Qe2 f6 21.
Nef3 Nd7 22. Rc3 Nf8 23. Rfc1 Bd7 24. h3 Nd5 25. R3c2 Nb4 26. Rc3 Nd5 27. R3c2 a4 28.
Ne4 Kh8 29. Nc5 a3 30. Nxd7 Nxd7 31. Bxd5 Rxc2 32. Qxc2 exd5 33. Qc8+ Qd8 34. Qxd8+ Rxd8 35. Ra1 Ra8 36. Nd2 Nb6 37. Nb1 Nc4 38. Ra2 Kg8 39.
Kf1 Kf7 40. Ke2 Ke7 41. Kd3 Kd6 42. Nc3 Nb2+ 43. Kc2 Nc4 44. Kb3 g5 45. Nb1 Ra5 46. Nxa3 Nxa3 47. Rxa3 Rxb5+ 48. Kc3 Ke6 49. Ra8 Kf5 50.
Rh8 Kg6 51. Rg8+ Kf7 52. Rd8 h5 53. g4 hxg4 54. hxg4 Ke7 55. Rb8 Rb1 56. Kc2 Rb5 57. Kc3 Ke6 58. Re8+ Kf7 59. Rd8 Ke7 60. Rc8 Rb1 61.
Rc7+ Ke6 62. Rc8 Rf1 63. Re8+ Kf7 64. Rb8 Rxf2 65. Rxb7+ Kg6 66. Rd7 Rf3 67. Kd3 Rg3 68. Rxd5 Rxg4 69. Rd8 Kf5 70. d5 Rg1 71. d6 Rd1+ 72.
Ke2 Rd5 73. d7 Ke6 74. Re8+ Kxd7 75. Rf8 Ke7 76. Rg8 Ra5 77. Rg7+ Ke6 78. Rg8 Kf5 79. Kf3 Ra1 80. Rb8 Rf1+ 81. Kg2 Ra1 82. Kf3 g4+ 83.
Kg3 Rg1+ 84. Kf2 Ra1 85. Rb5+ Kg6 86. Rb6 Kg5 87. Rb5+ Kh4 88. Rb8 Ra2+ 89. Kg1 Kg3 90. Kf1 Ra1+ 91. Ke2 Ra2+ 92. Kd3 Kf3 93. Rf8 Ra6 94. Rg8 g3 0-1

[Event "Late-Titled-Tuesday-Blitz-April-02-2024"]
[Site "Chess.com"]
[Date "2024.04.02"]
[Round "7"]
[White "jaskol95"]
[Black "arturdailima"]
[Result "1-0"]
[WhiteElo "2541"]
[BlackElo "2394"]
[TimeControl "180+1"]
[EndTime "15:18:27 PDT"]
[Termination "jaskol95 won by checkmate"]

1. e4 Nf6 2. e5 Nd5 3. c4 Nb6 4. a4 a5 5. Ra3 e6 6. Re3 Bb4 7. Nc3 Nc6 8. d4 Nxa4 9. Qxa4 Nxd4 10. Nf3 Nf5 11. Re4 b5 12. cxb5 Bb7 13. Rg4 h5 14. Rf4 h4 15. Bd3 h3 16. g3 g5 17. Be4 gxf4 18. Bxb7 fxg3 19. hxg3 Rb8 20. Be4 d5 21. Bxf5 exf5 22. Bg5 Qd7 23. Nd4 Rh5 24. Bf6 Kf8 25. Qd1 Rh7 26. Qf3 a4 27. Kf1 a3 28. bxa3 Bxa3 29. Nxd5 Bc5 30. Qxf5 Qxf5 31. Nxf5 Rxb5 32. Nc3 Rb3 33. e6 fxe6 34. Nh4 Kf7 35. Be5 Bb4 36. Nd1 Rh5 37. Bf4 Rd5 38. Ke2 Rb1 39. Rxh3 Rbxd1 40. Nf3 Ra1 41. Rh7+ Kg6 42. Rxc7 Ra2+ 43. Kf1 Ra1+ 44. Kg2 Bd6 45. Bxd6 Rxd6 46. Rc5 Kf6 47. g4 Ra4 48.
Kg3 Rd3 49. g5+ Kg6 50. Kg2 Raa3 51. Ne5+ Kg7 52. Nxd3 Rxd3 53. Re5 Kf7 54. f4 Rd1 55. Kf3 Rf1+ 56. Ke4 Re1+ 57. Kd4 Rd1+ 58. Ke3 Re1+ 59. Kd4 Rd1+ 60. Ke4 Re1+ 61. Kf3 Rf1+ 62. Kg3 Rg1+ 63. Kf2 Ra1 64. Rb5 Kg6 65. Re5 Kf7 66. Re3 Rb1 67. Kf3 Rf1+ 68. Ke4 Ra1 69. Rd3 Re1+ 70. Kf3 Ra1 71.
Kg4 Rg1+ 72. Rg3 Rh1 73. Rh3 Rg1+ 74. Kf3 Rf1+ 75. Ke3 Re1+ 76. Kf2 Ra1 77. Rh7+ Kg6 78. Rh6+ Kf5 79. Rf6+ Kg4 80. g6 Ra2+ 81. Ke3 Ra3+ 82. Ke4 Ra1 83. Ke5 Re1+ 84. Kd6 Kh5 85. Rxe6 Rg1 86.
f5 Kh6 87. Ke7 Kg7 88. f6+ Kxg6 89. f7+ Kh7 90. f8=Q Rg7+ 91. Qxg7+ Kxg7 92. Rf6 Kg8 93. Rf7 Kh8 94. Kf6 Kg8 95. Kg6 Kh8 96. Rf8# 1-0

[Event "Late-Titled-Tuesday-Blitz-April-02-2024"]
[Site "Chess.com"]
[Date "2024.04.02"]
[Round "7"]
[White "moro182"]
[Black "mishanick"]
[Result "0-1"]
[WhiteElo "2896"]
[BlackElo "3046"]
[TimeControl "180+1"]
[EndTime "15:18:37 PDT"]
[Termination "mishanick won on time"]

1. d4 Nf6 2. Nf3 d5 3. c3 e6 4. Bf4 Bd6 5. e3 O-O 6. Nbd2 c5 7. dxc5 Bxc5 8. Bd3 Nc6 9. O-O h6 10. h3 Bd6 11.
Bxd6 Qxd6 12. e4 Rd8 13. Qe2 dxe4 14. Bxe4 Nxe4 15. Nxe4 Qe7 16. Rad1 Bd7 17. Nd6 Be8 18. Nxe8 Qxe8 19. Rxd8 Rxd8 20. Rd1 Rd7 21. Rd2 Qd8 22. Qd1 Rxd2 23. Qxd2 Qa5 24. a3 Qc7 25. Qd3 Na5 26.
Nd2 b6 27. g3 Nb7 28. Ne4 Qc6 29. c4 Kf8 30. Qd4 Ke7 31. Nc3 f6 32. b4 Nd6 33.
c5 bxc5 34. bxc5 Nf7 35. f4 Qf3 36. Ne4 Qxa3 37. Kg2 Qa2+ 38. Kf3 Qb3+ 39. Nc3 Qb7+ 40. Ke3 Qc6 41. Qb4 Nd8 42. Qa5 Nb7 43. Qxa7 Qxc5+ 44. Qxc5+ Nxc5 45. Ne2 Kd6 46. Nd4 Kd5 47. Ne2 Na4 48.
g4 Nb6 49. Ng3 Nc4+ 50. Kd3 Nd6 51. Nh5 Ne8 52. Ke3 g6 53. Ng3 f5 54. gxf5 gxf5 55. Nh5 Kc4 56. h4 Kc3 57. Ng3 Nf6 58. Kf3 Kd3 59.
Ne2 Ne4 60. Nc1+ Kc2 61. Ne2 Kd3 62. Nc1+ Kc4 63. Ne2 Nf6 64. Ke3 Ng4+ 65. Kf3 Kd3 66. Nc1+ Kc3 67. Ne2+ Kc4 68. Ng3 Nf6 69. Ne2 Nd5 70.
Ng3 Ne7 71. Ne2 Ng6 72. h5 Ne7 73. Ke3 Nd5+ 74. Kf3 Nf6 75. Ng3 Kd3 76. Ne2 Nxh5 77.
Nc1+ Kc4 78. Ne2 Nf6 79. Ng3 Kd3 80. Ne2 h5 81. Nc1+ Kc4 82. Kg3 Kd4 83. Kh4 Ke4 84.
Kg5 Nd5 85. Ne2 Ke3 86. Ng3 Nxf4 87. Kh4 Kf3 88. Nf1 e5 89. Nd2+ Ke3 90. Nc4+ Kd4 91. Nd6 e4 92. Nxf5+ Ke5 93. Ne3 Kf6 94. Kg3 Kg5 95.
Nf1 h4+ 96. Kf2 Nd5 97. Kg2 Kf4 98. Kh3 Kg5 99. Kg2 Kg4 100. Kf2 Kf4 101. Kg2 Ne3+ 0-1

[Event "Late-Titled-Tuesday-Blitz-April-02-2024"]
[Site "Chess.com"]
[Date "2024.04.02"]
[Round "7"]
[White "NikitaShnadrygin"]
[Black "XDPS"]
[Result "0-1"]
[WhiteElo "2682"]
[BlackElo "2919"]
[TimeControl "180+1"]
[EndTime "15:18:59 PDT"]
[Termination "XDPS won by resignation"]

1. e4 c5 2. Nf3 e6 3. d4 cxd4 4. Nxd4 a6 5. Bd3 Bc5 6. Nb3 Ba7 7. c4 Nc6 8. Qe2 d6 9. Be3 Nf6 10. O-O O-O 11. Nc3 e5 12. Rfd1 Be6 13. Rac1 Nd7 14. Bxa7 Rxa7 15. Qe3 b6 16. Nd5 Nc5 17. Nd2 a5 18. Be2 Rd7 19. Nb1 Nd4 20. Nbc3 Qb8 21. Rxd4 exd4 22. Qxd4 Rc8 23. Rd1 h6 24. f4 Bxd5 25.
Nxd5 Re8 26. Bf3 b5 27. b3 bxc4 28. Qxc4 Ne6 29. g3 Rc8 30. Qd3 Nc5 31. Qe3 Re8 32.
Qd4 Qa7 33. Kg2 Rdd8 34. Ne3 Qb8 35. Nf5 Ne6 36. Qd2 a4 37. bxa4 Nc5 38. Nxd6 Nxe4 39. Bxe4 Rxe4 40. Nxe4 Rxd2+ 41. Rxd2 Qb4 42. Re2 Qxa4 43. f5 Kh7 44. f6 g5 45. g4 Qd7 46. h3 Qd3 47. Ng3 Qd5+ 48. Ne4 Kg6 49. Kf2 Qd4+ 50. Re3 Qa7 51. a3 Qd4 52. Ng3 Qxf6+ 53.
Ke2 Qb2+ 54. Kf3 Qb7+ 55. Kf2 Qb2+ 56. Kf3 Qb1 57. Nf5 h5 58. Kf2 h4 59. Ne7+ Kf6 60.
Nd5+ Kg7 61. Ne7 Qb2+ 62. Kf3 Qh2 63. Nf5+ Kf6 64. Ke4 Qg2+ 65. Kd3 Qd5+ 66. Ke2 Qg2+ 67. Kd3 Qb2 68. Ke4 Qb7+ 69. Kd3 Qd5+ 70. Ke2 Qc4+ 71.
Kf3 Qf1+ 72. Ke4 Qg2+ 73. Kd4 Kg6 74. Ke5 Qa8 75. Kd4 Qa7+ 76. Kd5 Qa5+ 77. Kd4 Qa4+ 78. Kd5 f6 79. Kc5 Qa7+ 80. Kd5 Qb7+ 81. Ke6 Qc6+ 82. Ke7 Qc5+ 83. Ke6 Qc8+ 84. Ke7 Qa8 85. Kd6 Qa6+ 86. Kd7 Kf7 87. Re7+ Kf8 88. Re3 Qb6 89. Re8+ Kf7 90.
Re7+ Kf8 91. Re8+ Kf7 92. Re7+ Kg8 93. Nh6+ Kh8 94. Ke8 f5 95. Nf7+ Kg8 96. gxf5 Qb8+ 97. Nd8 Qb5+ 98. Rd7 Qxf5 99. Re7 Qb5+ 100. Rd7 Qe5+ 101. Re7 Qb5+ 102. Rd7 g4 103. hxg4 h3 104. Ne6 Qxd7+ 105. Kxd7 h2 0-1

[Event "Late-Titled-Tuesday-Blitz-April-02-2024"]
[Site "Chess.com"]
[Date "2024.04.02"]
[Round "8"]
[White "Statham_01"]
[Black "Happy1712Drummer"]
[Result "1-0"]
[WhiteElo "2620"]
[BlackElo "2466"]
[TimeControl "180+1"]
[EndTime "15:20:47 PDT"]
[Termination "Statham_01 won by resignation"]

1. e4 e6 2. d4 d5 3. Bd3 Nf6 4. e5 Nfd7 5. Ne2 c5 6. c3 b6 7.
Nf4 Ba6 8. Nxe6 fxe6 9. Qh5+ g6 10. Bxg6+ hxg6 11. Qxg6+ 1-0

[Event "Late-Titled-Tuesday-Blitz-April-02-2024"]
[Site "Chess.com"]
[Date "2024.04.02"]
[Round "8"]
[White "elcala"]
[Black "shirovin"]
[Result "0-1"]
[WhiteElo "1792"]
[BlackElo "2060"]
[TimeControl "180+1"]
[EndTime "15:21:02 PDT"]
[Termination "shirovin won by resignation"]

1. d4 Nf6 2. Nf3 g6 3. Bf4 Bg7 4. e3 d6 5. Nbd2 O-O 6. h3 c5 7. c3 cxd4 8. exd4 Nc6 9. Bd3 e5 10. dxe5 dxe5 11. Nxe5 Nxe5 12. Bxe5 Qxd3 13. Bxf6 Re8+ 0-1

[Event "Late-Titled-Tuesday-Blitz-April-02-2024"]
[Site "Chess.com"]
[Date "2024.04.02"]
[Round "8"]
[White "ImportedItalianMaple"]
[Black "PapaieDudu"]
[Result "1-0"]
[WhiteElo "2522"]
[BlackElo "2383"]
[TimeControl "180+1"]
[EndTime "15:22:36 PDT"]
[Termination "ImportedItalianMaple won by resignation"]

1. e4 c5 2. Nf3 d6 3. Bb5+ Nd7 4.
O-O Nf6 5. Re1 a6 6. Bf1 e6 7.
c3 Be7 8. d4 cxd4 9. cxd4 O-O 10. Nc3 b5 11. e5 Nd5 12. Nxd5 exd5 13. e6 fxe6 14. Rxe6 Nf6 15. Re1 Ne4 16. Qb3 Nf6 17. Bg5 Bb7 18. a4 Qd7 19. axb5 axb5 20. Bxb5 Qd8 21. Ba4 Kh8 22. Qxb7 1-0

[Event "Late-Titled-Tuesday-Blitz-April-02-2024"]
[Site "Chess.com"]
[Date "2024.04.02"]
[Round "8"]
[White "slidingknight2775"]
[Black "RichardShtivelband"]
[Result "1-0"]
[WhiteElo "2599"]
[BlackElo "2316"]
[TimeControl "180+1"]
[EndTime "15:23:21 PDT"]
[Termination "slidingknight2775 won by resignation"]

1. e4 e5 2. Nc3 Nf6 3. Nf3 Nc6 4. Bb5 Bd6 5. Bxc6 dxc6 6. d3 O-O 7. h3 Nd7 8. O-O Re8 9. Be3 c5 10. a4 a6 11. Nd2 Nf8 12. Nc4 f6 13. a5 Ne6 14.
Ne2 Nd4 15. f4 Be6 16. fxe5 Bxe5 17. Nxe5 fxe5 18. b3 Qh4 19. Nxd4 cxd4 20. Bf2 Qg5 21. Kh1 Rf8 22. Bg1 Rxf1 23. Qxf1 Rf8 24. Qe2 Qf4 25. Bh2 Qf2 26. Qxf2 Rxf2 27. Rc1 c5 28. Bxe5 Rf7 29. Bd6 1-0

[Event "Late-Titled-Tuesday-Blitz-April-02-2024"]
[Site "Chess.com"]
[Date "2024.04.02"]
[Round "8"]
[White "SmirnovTimofey2000"]
[Black "Sesleria"]
[Result "0-1"]
[WhiteElo "1945"]
[BlackElo "2157"]
[TimeControl "180+1"]
[EndTime "15:23:25 PDT"]
[Termination "Sesleria won by resignation"]

1. e4 c5 2. c3 d5 3. exd5 Qxd5 4.
d4 Nc6 5. Nf3 e5 6. dxe5 Qxd1+ 7.
Kxd1 Bg4 8. Bb5 O-O-O+ 9. Kc2 Bf5+ 10. Kb3 c4+ 11. Ka4 Bd7 12. Bxc4 a6 13. b4 b5+ 0-1

[Event "Late-Titled-Tuesday-Blitz-April-02-2024"]
[Site "Chess.com"]
[Date "2024.04.02"]
[Round "8"]
[White "UK_23"]
[Black "Navyblue1"]
[Result "0-1"]
[WhiteElo "2393"]
[BlackElo "2287"]
[TimeControl "180+1"]
[EndTime "15:23:42 PDT"]
[Termination "Navyblue1 won by resignation"]

1. e4 c5 2. Nf3 d6 3. d4 cxd4 4. Qxd4 a6 5. Be2 Nc6 6. Qe3 Nf6 7. h3 g6 8. O-O Bg7 9. Rd1 Qc7 10.
c4 O-O 11. Nc3 Na5 12. Bd2 Nxc4 13. Bxc4 Qxc4 14. Rac1 Qe6 15. Nd4 Qd7 16. f4 e5 17.
fxe5 dxe5 18. Nf3 Qe6 19. Ng5 Qe7 20. Na4 Be6 21. Nb6 Rad8 22. a3 Rfe8 23. Bb4 Rxd1+ 24.
Rxd1 Qc7 25. Nxe6 Rxe6 26. Rc1 Rc6 27. Rc2 Rxc2 0-1

[Event "Late-Titled-Tuesday-Blitz-April-02-2024"]
[Site "Chess.com"]
[Date "2024.04.02"]
[Round "8"]
[White "burritus"]
[Black "Squirlolz"]
[Result "0-1"]
[WhiteElo "2429"]
[BlackElo "2577"]
[TimeControl "180+1"]
[EndTime "15:23:51 PDT"]
[Termination "Squirlolz won by resignation"]

1. d4 c5 2. d5 g6 3. e4 Bg7 4. Nf3 d6 5. Nc3 Bxc3+ 6. bxc3 e5 7. h4 h6 8. Bb5+ Bd7 9. a4 f5 10. exf5 gxf5 11. c4 Nf6 12. Bb2 O-O 13. Qd2 Kh7 14.
Ng5+ hxg5 15. hxg5+ Kg7 16. gxf6+ Qxf6 17. f4 a6 18.
fxe5 dxe5 19. Bxd7 Nxd7 20. O-O-O b5 21. Rh3 Rh8 22.
Rg3+ Kf7 23. Rf1 bxc4 24. d6 Qe6 25. Qg5 Rag8 26. Rxf5+ Nf6 27. Rxe5 Rxg5 28. Rxe6 Kxe6 29. Rxg5 Rh1+ 30. Kd2 Ne4+ 31. Ke3 Nxg5 0-1

[Event "Late-Titled-Tuesday-Blitz-April-02-2024"]
[Site "Chess.com"]
[Date "2024.04.02"]
[Round "8"]
[White "Shankland"]
[Black "MaestroCheck"]
[Result "1-0"]
[WhiteElo "2892"]
[BlackElo "2585"]
[TimeControl "180+1"]
[EndTime "15:24:01 PDT"]
[Termination "Shankland won by resignation"]

1. e4 c5 2. Nf3 e6 3. d4 cxd4 4. Nxd4 Nf6 5. Nc3 Nc6 6. Be2 Bb4 7. O-O Bxc3 8. bxc3 Nxe4 9. Nxc6 dxc6 10. Qxd8+ Kxd8 11. Bf3 Nf6 12. Rd1+ Bd7 13. Rb1 Kc8 14. c4 e5 15. Bb2 e4 16. Be2 Be6 17. Be5 Rg8 18. Rd4 Nd7 19. Bd6 f5 20. c5 Nf6 21. Rdb4 b5 22. cxb6 axb6 23. Rxb6 Rxa2 24. Rxc6+ Kd7 25. Bb5 Rga8 26. Rd1 Ra1 27. Ra6+ 1-0

[Event "Late-Titled-Tuesday-Blitz-April-02-2024"]
[Site "Chess.com"]
[Date "2024.04.02"]
[Round "8"]
[White "only_strong_moves"]
[Black "dolynachess"]
[Result "0-1"]
[WhiteElo "2717"]
[BlackElo "2543"]
[TimeControl "180+1"]
[EndTime "15:24:03 PDT"]
[Termination "dolynachess won by resignation"]

1. Nc3 c5 2. Nf3 d6 3. d4 cxd4 4. Nxd4 Nf6 5. Bg5 e6 6. g3 Be7 7. Bg2 O-O 8. O-O a6 9. a4 Qc7 10. e4 Nc6 11. Re1 Rd8 12. Nb3 h6 13. Be3 Rb8 14.
a5 Nd7 15. Qd2 Nce5 16. Qe2 Nc4 17. Bc1 b5 18. axb6 Ndxb6 19. f4 Bb7 20. Nd2 Nxd2 21. Qxd2 Nc4 22. Qe2 Bf6 23. Ra4 Nxb2 24. Bxb2 Bxc3 25. Rc4 Qb6+ 26. Kh1 Qxb2 27. Rc7 Bxe1 28. Qh5 Rf8 29. g4 Qc1 0-1

[Event "Late-Titled-Tuesday-Blitz-April-02-2024"]
[Site "Chess.com"]
[Date "2024.04.02"]
[Round "8"]
[White "Zkid"]
[Black "manitodeplomo"]
[Result "1-0"]
[WhiteElo "2842"]
[BlackElo "2628"]
[TimeControl "180+1"]
[EndTime "15:24:04 PDT"]
[Termination "Zkid won by resignation"]

1. e4 c5 2. Nf3 e6 3. d4 cxd4 4.
Nxd4 a6 5. c4 Nf6 6. Nc3 Bb4 7.
Qd3 Qc7 8. a3 Bxc3+ 9. Qxc3 O-O 10. Bd3 d5 11. cxd5 Qxc3+ 12. bxc3 exd5 13. e5 Ne4 14. c4 Nc5 15. Be2 dxc4 16. Bxc4 b5 17.
Be2 Bb7 18. O-O Nbd7 19. f4 Rac8 20. Nf5 Nb3 21. Ne7+ Kh8 22. Nxc8 Nxa1 23. Nd6 Ba8 24. f5 Nxe5 25. Bb2 Nc2 26. Bxe5 Ne3 27. Rc1 Nxg2 28. f6 g6 29. Nxf7+ 1-0

[Event "Late-Titled-Tuesday-Blitz-April-02-2024"]
[Site "Chess.com"]
[Date "2024.04.02"]
[Round "8"]
[White "Szachulec75"]
[Black "DraningWaterHi"]
[Result "1-0"]
[WhiteElo "2067"]
[BlackElo "2273"]
[TimeControl "180+1"]
[EndTime "15:24:05 PDT"]
[Termination "Szachulec75 won by resignation"]

1. Nf3 Nf6 2. g3 g6 3. Bg2 Bg7 4. d3 O-O 5. O-O d6 6. e4 e5 7. Nc3 c6 8. Bg5 h6 9. Be3 Ng4 10. Bd2 f5 11. Qc1 Kh7 12. h3 Nf6 13. exf5 Bxf5 14.
Nh4 Be6 15. Ne4 d5 16. Nxf6+ Qxf6 17. f4 Nd7 18. fxe5 Qxe5 19. Kh2 b6 20. c3 c5 21. Bf4 Qf6 22. Bd6 Qd8 23. Bxf8 Nxf8 24. Qd2 Qd6 25. Nf3 Nd7 26. Rae1 Re8 27. Qf4 Qc6 28. Re2 Rf8 29. Qd2 Qd6 30. Rfe1 Bf5 31. d4 Be4 32. dxc5 bxc5 33. Rxe4 1-0

[Event "Late-Titled-Tuesday-Blitz-April-02-2024"]
[Site "Chess.com"]
[Date "2024.04.02"]
[Round "8"]
[White "akanga001"]
[Black "JACK_BAU3R"]
[Result "0-1"]
[WhiteElo "2117"]
[BlackElo "1885"]
[TimeControl "180+1"]
[EndTime "15:24:06 PDT"]
[Termination "JACK_BAU3R won by resignation"]

1. d4 d5 2. c4 e6 3. Nc3 c6 4. e3 f5 5. Nf3 Bd6 6. g3 Nd7 7.
Qc2 Ngf6 8. Be2 Ne4 9. O-O Qf6 10.
b3 g5 11. h4 h6 12. Kg2 Rg8 13. Rh1 gxh4 14. Nxe4 fxe4 15. Nxh4 Qg5 16. Qd1 Nf6 17. Bb2 Bd7 18. Rc1 O-O-O 19. Rh2 Rdf8 20. Qh1 Bxg3 21.
fxg3 Qxg3+ 22. Kf1 Ng4+ 0-1

[Event "Late-Titled-Tuesday-Blitz-April-02-2024"]
[Site "Chess.com"]
[Date "2024.04.02"]
[Round "8"]
[White "ricaurtelopezj1955"]
[Black "Veganator13"]
[Result "0-1"]
[WhiteElo "2167"]
[BlackElo "2294"]
[TimeControl "180+1"]
[EndTime "15:24:11 PDT"]
[Termination "Veganator13 won by resignation"]

1. e4 g6 2. d4 Bg7 3. Nc3 d6 4. Be3 a6 5. Qd2 b5 6. a3 Bb7 7. f4 Nf6 8. d5 c5 9. Nf3 O-O 10. Rd1 b4 11. axb4 cxb4 12. Nb1 a5 13. Bd3 Nbd7 14.
O-O Ng4 15. Bd4 Bxd4+ 16. Nxd4 Qb6 17. c3 Nc5 18. h3 Nf6 19. e5 Nxd5 20. Kh2 Nxd3 21.
Qxd3 dxe5 22. fxe5 Qc7 23. c4 Qxe5+ 24. Kh1 Nf4 25.
Nf3 Nxd3 26. Nxe5 Nxe5 27. Rfe1 f6 28. b3 Rfd8 0-1

[Event "Late-Titled-Tuesday-Blitz-April-02-2024"]
[Site "Chess.com"]
[Date "2024.04.02"]
[Round "8"]
[White "Inepton_Fermion"]
[Black "Zq1"]
[Result "0-1"]
[WhiteElo "2469"]
[BlackElo "2623"]
[TimeControl "180+1"]
[EndTime "15:24:19 PDT"]
[Termination "Zq1 won by resignation"]

1. d4 Nf6 2. Nc3 d5 3. Bg5 Nbd7 4. Nf3 e6 5. e4 dxe4 6. Nxe4 Be7 7. Nxf6+ Bxf6 8.
h4 h6 9. Be3 b6 10. Bb5 Bb7 11.
Qe2 a6 12. Bd3 c5 13. O-O-O Qc7 14. dxc5 Nxc5 15. Kb1 Nxd3 16. Rxd3 Be4 17. Rb3 Rc8 18. Rc1 b5 19. Nd4 Qc4 20. f3 Bxd4 21. Qxc4 bxc4 22. Bxd4 cxb3 23. fxe4 bxc2+ 24. Ka1 f6 25. Bc3 Rd8 26. a4 Rd1 0-1

[Event "Late-Titled-Tuesday-Blitz-April-02-2024"]
[Site "Chess.com"]
[Date "2024.04.02"]
[Round "8"]
[White "Zavgorodniy_Sergiy"]
[Black "bascheyaro"]
[Result "0-1"]
[WhiteElo "2640"]
[BlackElo "2823"]
[TimeControl "180+1"]
[EndTime "15:24:29 PDT"]
[Termination "bascheyaro won by checkmate"]

1. d4 d5 2. c4 c6 3. e3 Nf6 4.
Bd3 Bg4 5. Qc2 e6 6. Nd2 Bh5 7. Ngf3 Nbd7 8. O-O Bd6 9. b3 Qe7 10. Bb2 O-O 11. Ne5 Bg6 12. Nxg6 fxg6 13. e4 Bxh2+ 14.
Kxh2 Ng4+ 15. Kg3 Qg5 16. f4 Rxf4 17. Rxf4 Ne3+ 18. Kf3 Nxc2 19. Bxc2 e5 20. dxe5 Nxe5+ 21. Ke3 Qg3+ 22. Nf3 Ng4+ 23. Rxg4 Qxg4 24. cxd5 cxd5 25. exd5 Qxg2 26. Rc1 Re8+ 27. Be5 Rc8 28. Nd4 Rc3+ 29. Kf4 Qg3+ 30. Ke4 Qe3# 0-1

[Event "Late-Titled-Tuesday-Blitz-April-02-2024"]
[Site "Chess.com"]
[Date "2024.04.02"]
[Round "8"]
[White "PetrolulSah"]
[Black "The_Straightforward_Rook"]
[Result "0-1"]
[WhiteElo "2220"]
[BlackElo "2367"]
[TimeControl "180+1"]
[EndTime "15:24:33 PDT"]
[Termination "The_Straightforward_Rook won by resignation"]

1. d4 d5 2. c4 c6 3. cxd5 cxd5 4. Bf4 Nf6 5. Nc3 Nc6 6. Nf3 Nh5 7. e3 Nxf4 8. exf4 Bf5 9. Be2 e6 10. O-O Bd6 11. Ne5 O-O 12. Rc1 Rc8 13. Qa4 Qb6 14. Nb5 Bb8 15. Nd7 Qd8 16. Nxf8 Qxf8 17. Nc3 Bxf4 18. Rcd1 g5 19. Bd3 Bg4 20. Ne2 Qh6 21.
h3 Bxh3 22. gxh3 Qxh3 23. Nxf4 gxf4 24. Rfe1 Kh8 25. Bg6 f3 0-1

[Event "Late-Titled-Tuesday-Blitz-April-02-2024"]
[Site "Chess.com"]
[Date "2024.04.02"]
[Round "8"]
[White "combidharma"]
[Black "Sanyura"]
[Result "1-0"]
[WhiteElo "2854"]
[BlackElo "2622"]
[TimeControl "180+1"]
[EndTime "15:24:37 PDT"]
[Termination "combidharma won by resignation"]

1. e4 c5 2. Nf3 e6 3. d4 cxd4 4. Nxd4 Nf6 5. Nc3 Nc6 6. Nxc6 bxc6 7. e5 Nd5 8. Ne4 Qc7 9. f4 Qb6 10. c4 Bb4+ 11. Ke2 Ba6 12. Kf3 f5 13. exf6 Nxf6 14. Be3 Qd8 15. Nd6+ Bxd6 16. Qxd6 Bb7 17. Bc5 Kf7 18.
Rd1 Re8 19. g4 e5 20. fxe5 Re6 21. Qd4 d6 22. exf6 Qxf6+ 23. Qxf6+ Rxf6+ 24. Kg3 1-0

[Event "Late-Titled-Tuesday-Blitz-April-02-2024"]
[Site "Chess.com"]
[Date "2024.04.02"]
[Round "8"]
[White "Darkdefense15"]
[Black "santosalberto1987"]
[Result "0-1"]
[WhiteElo "2384"]
[BlackElo "2527"]
[TimeControl "180+1"]
[EndTime "15:24:38 PDT"]
[Termination "santosalberto1987 won by resignation"]

1. d4 Nf6 2. Bf4 g6 3. Nc3 d5 4. e3 c6 5. h4 h6 6. Nf3 Bg7 7. Qd2 Bf5 8. Ne5 Nbd7 9. Be2 Nxe5 10. Bxe5 O-O 11. f3 b5 12. g4 Be6 13. h5 g5 14.
Bd3 a5 15. a4 b4 16. Ne2 Nd7 17. Bxg7 Kxg7 18. Ng3 c5 19. c3 bxc3 20. bxc3 Rb8 21. Bb5 Nf6 22. Kf2 Qc7 23. Rab1 Rfc8 24. Rhc1 Bxg4 25.
dxc5 Bxf3 26. Nf5+ Kh7 27. Kxf3 Qe5 28. Bd3 Ne4 29.
Bxe4 Qxe4+ 30. Kg3 Qxf5 31. Rxb8 Rxb8 32. Rf1 Qxf1 0-1

[Event "Late-Titled-Tuesday-Blitz-April-02-2024"]
[Site "Chess.com"]
[Date "2024.04.02"]
[Round "8"]
[White "expii"]
[Black "Charodej1"]
[Result "1-0"]
[WhiteElo "2230"]
[BlackElo "2357"]
[TimeControl "180+1"]
[EndTime "15:24:38 PDT"]
[Termination "expii won by resignation"]

1. e4 Nf6 2. e5 Nd5 3. d4 d6 4.
c4 Nb6 5. exd6 exd6 6. Nc3 Be7 7. Be2 Nc6 8. Nf3 Bg4 9. O-O O-O 10. b3 Re8 11. Be3 Bf6 12. Qd2 a5 13. Rad1 a4 14.
h3 Bh5 15. d5 Bxf3 16. Bxf3 Ne5 17. Be4 Ned7 18. Bd4 Nc5 19. Bc2 Qd7 20. Bxf6 gxf6 21.
Qh6 f5 22. Rfe1 axb3 23. axb3 Ra3 24. Qg5+ Kh8 25. Bxf5 Qd8 26. Qh6 1-0